 Dungeon Crawl Stone Soup version 0.18-a0-943-g2c08dd4 (webtiles) character file.

679 igor the Sneak (level 7, -7/32 HPs)
             Began as a Spriggan Enchanter on Dec 27, 2015.
             Was a Follower of Makhleb.
             Mangled by st0uf's ghost (9 damage)
             ... on level 6 of the Dungeon on Dec 28, 2015.
             The game lasted 00:45:24 (6792 turns).

igor the Sneak (Spriggan Enchanter)                 Turns: 6792, Time: 00:45:24

Health: -7/32      AC:  4    Str:  8 (9)  XL:     7   Next: 34%
Magic:  12/14      EV: 17    Int: 16      God:    Makhleb [*.....]
Gold:   80         SH:  0    Dex: 19      Spells: 5 memorised, 3 levels left

rFire  . . .     SeeInvis +     w - +3 dagger (venom)
rCold  + . .     Gourm    .     b - +2 robe
rNeg   . . .     Faith    .     (shield restricted)
rPois  .         Spirit   .     (helmet restricted)
rElec  .         Dismiss  .     (no cloak)
rCorr  +         Reflect  .     (gloves unavailable)
SustAt .         Harm     .     (boots unavailable)
MR     +....                    z - amulet of resist corrosion
Stlth  ++++......               (no ring)
                                s - ring of protection from cold

@: mighty, very quick, somewhat resistant to hostile enchantments, stealthy
A: unfitting armour, antennae 2, see invisible, herbivore 3, speed 3, mutation
resistance 1, slow metabolism 2
a: Renounce Religion


You were on level 6 of the Dungeon.
You worshipped Makhleb.
Makhleb was aware of your devotion.
You were not hungry.

You visited 1 branch of the dungeon, and saw 6 of its levels.

You collected 210 gold pieces.
You spent 130 gold pieces at shops.

Inventory:

Hand Weapons
 w - a +3 dagger of venom (weapon)
Armour
 b - a +2 robe (worn)
Jewellery
 e - a cursed -2 ring of protection {unknown}
 k - an uncursed ring of ice
 l - an uncursed ring of fire
 o - an uncursed ring of protection from cold
 s - a ring of protection from cold (left hand)
 z - an amulet of resist corrosion (around neck)
 A - a +2 ring of protection {unknown}
Wands
 a - a wand of flame (5/48)
Scrolls
 m - a scroll of identify
 p - a scroll of remove curse
 q - a scroll of teleportation
Potions
 j - 2 potions of agility
 r - a potion of magic {unknown}
Books
 c - a book of Maledictions

   Spells                             Type                      Level
   a - Corona                         Hexes                        1
   b - Ensorcelled Hibernation        Hexes/Ice                    2
   c - Confuse                        Hexes                        3
   d - Tukima's Dance                 Hexes                        3
   e - Dazzling Spray                 Conjuration/Hexes            3
Comestibles
 d - 7 bread rations
 g - a royal jelly
 n - 2 slices of pizza


   Skills:
 + Level 3.5 Short Blades
 + Level 6.1 Dodging
 + Level 7.7 Stealth
 + Level 4.5 Spellcasting
 + Level 5.7 Hexes


You had 3 spell levels left.
You knew the following spells:

 Your Spells              Type           Power        Failure   Level  Hunger
a - Corona                Hex            ###....      1%          1    None
b - Tukima's Dance        Hex            ###.....     6%          3    ###....
c - Ensorcelled Hibernat  Hex/Ice        ##....       10%         2    ##.....
d - Confuse               Hex            ###.....     6%          3    ###....
e - Dazzling Spray        Conj/Hex       ##......     14%         3    ###....


Dungeon Overview and Level Annotations

Branches:
Dungeon (6/15)
 Temple: D:4-7

Altars:
Makhleb
Sif Muna
Zin

Shops:
D:4 %   D:5 (

Annotations:
D:3 George's ghost, amateur GrFi
D:6 st0uf's ghost, novice FoFi


Innate Abilities, Weirdness & Mutations

You are tiny and cannot use many weapons and most armour.
You have supernaturally acute eyesight.
You are a herbivore.
You cover ground extremely quickly.
You need consume almost no food.
You have a pair of antennae on your head.
You are somewhat resistant to further mutation.


Message History

Press: ? - help, Shift-Dir - straight line, f/p - st0uf's ghost
Aim: st0uf's ghost (lightly damaged, chance to defeat MR: 26%) St0uf's ghost easily resists.
St0uf's ghost hits you.
You hit st0uf's ghost.
St0uf's ghost is lightly damaged.
St0uf's ghost hits you!
* * * LOW HITPOINT WARNING * * *
Drink which item? (? for menu, Esc to quit)
You feel better. St0uf's ghost hits you.
You puncture st0uf's ghost!
St0uf's ghost is moderately damaged.
St0uf's ghost hits you but does no damage.
You hit st0uf's ghost.
St0uf's ghost is moderately damaged.
St0uf's ghost hits you!
Ouch! That really hurt!
* * * LOW HITPOINT WARNING * * *
There is a stone staircase leading up here.
St0uf's ghost hits you!
You die...

.. # .# +.
.# #.####.
......
...#
#.######
#@.....#
##W###.#
#..Z<....#
#.#..##..#
...#... #
### ##/#.
.... ## #.
.#


You could see st0uf's ghost and a water moccasin skeleton.

Vanquished Creatures
  A phantom (D:5)
  An ogre (D:4)
  A scorpion (D:4)
  A water moccasin skeleton (D:5)
  A hound (D:2)
  An orc priest (D:4)
  A centaur skeleton (D:5)
  3 worker ants
  An orc wizard (D:4)
  A hound skeleton (D:5)
  5 adders
  2 gnolls
  4 oozes
  4 worms
  2 giant geckos
  5 orcs
  7 giant cockroaches
  4 goblins
  9 hobgoblins
  4 jackals (D:3)
  4 kobolds
  2 quokkas
  2 ball pythons
  11 bats
  7 giant newts
  7 rats
91 creatures vanquished.

Vanquished Creatures (collateral kills)
  An orc priest (D:4)
  2 gnolls (D:2)
  2 orcs (D:4)
  A goblin (D:2)
6 creatures vanquished.

Grand Total: 97 creatures vanquished

Notes
Turn   | Place    | Note
--------------------------------------------------------------
     0 | D:1      | igor the Spriggan Enchanter began the quest for the Orb.
     0 | D:1      | Reached XP level 1. HP: 9/9 MP: 5/5
   203 | D:1      | Reached skill level 5 in Stealth
   203 | D:1      | Reached XP level 2. HP: 13/13 MP: 6/6
   841 | D:1      | Reached XP level 3. HP: 16/16 MP: 8/8
  1045 | D:1      | Learned a level 3 spell: Tukima's Dance
  1628 | D:2      | Reached XP level 4. HP: 21/21 MP: 9/9
  1885 | D:2      | Reached skill level 6 in Stealth
  2067 | D:2      | Found a burning altar of Makhleb.
  2074 | D:2      | Became a worshipper of Makhleb the Destroyer
  2408 | D:2      | Learned a level 2 spell: Ensorcelled Hibernation
  2828 | D:3      | Noticed George's ghost (amateur GrFi)
  3151 | D:3      | Reached XP level 5. HP: 19/24 MP: 11/11
  3484 | D:3      | Learned a level 3 spell: Confuse
  3534 | D:3      | Found a glowing silver altar of Zin.
  3534 | D:3      | Noticed an angel
  3593 | D:3      | Reached * piety under Makhleb
  3794 | D:4      | Noticed an ogre
  3798 | D:4      | Killed an ogre
  3798 | D:4      | Reached XP level 6. HP: 28/28 MP: 9/12
  3822 | D:4      | Reached skill level 5 in Dodging
  3887 | D:4      | Reached skill level 5 in Hexes
  4763 | D:4      | Found a deep blue altar of Sif Muna.
  4805 | D:4      | Reached skill level 7 in Stealth
  4824 | D:4      | Found Iniste Umill's Food Shoppe.
  4832 | D:4      | Bought a bread ration for 65 gold pieces
  4832 | D:4      | Bought a bread ration for 65 gold pieces
  5442 | D:4      | Gained mutation: You have a pair of small antennae on your head. [potion of mutation]
  5442 | D:4      | Gained mutation: You have a pair of antennae on your head. [potion of mutation]
  5442 | D:4      | Gained mutation: You are somewhat resistant to further mutation. [potion of mutation]
  5532 | D:4      | Upgraded the game from 0.18-a0-921-g28655ce to 0.18-a0-943-g2c08dd4
  5770 | D:5      | Entered Level 5 of the Dungeon
  5983 | D:5      | Reached XP level 7. HP: 32/32 MP: 14/14
  6072 | D:5      | Found Liunam's Antique Weapon Emporium.
  6643 | D:5      | Learned a level 3 spell: Dazzling Spray
  6774 | D:6      | Noticed st0uf's ghost (novice FoFi)
  6790 | D:6      | HP: 1/32 [st0uf's ghost (16)]
  6792 | D:6      | Mangled by st0uf's ghost

Vault maps used:
D:1:      onia_arrival_handbag
D:2:      makhleb_blood_cavern_becter
D:3:      zin_angel
D:4:      led_sif_pool, serial_shops, kennysheep_little_box, first_bread
D:5:      serial_shops, kennysheep_mini, hangedman_decor_growths
D:6:      minmay_temple_entry_butterflies, serial_shops, nicolae_shop_crystal,
          shop, nicolae_shop_temple_entry_statues_fountains, basic_altar,
          cheibrodos_ashenzari_chains

Action                   |  1- 3 |  4- 6 |  7- 9 || total
-------------------------+-------+-------+-------++-------
Melee: Dagger            |   143 |   205 |    64 ||   412
 Cast: Corona            |     5 |     3 |     3 ||    11
       Tukima's Dance    |     3 |     6 |       ||     9
       Ensorcelled Hiber |       |     3 |       ||     3
       Confuse           |       |     2 |       ||     2
  Use: Scroll            |     2 |    16 |     1 ||    19
       Potion            |     2 |     5 |     2 ||     9
 Stab: Sleeping          |     7 |    15 |     3 ||    25
       Distracted        |       |     2 |       ||     2
  Eat: Fruit             |       |     1 |       ||     1
       Bread ration      |       |     1 |       ||     1
